Map: Ulrena

Players

ACTARUS - Winner!

  • Race: Terran Terran
  • League: Gold
  • Spawn Location: 7:00

zidar

  • Race: Zerg Zerg
  • League: Gold
  • Spawn Location: 11:00

VOD

Have the link to the VOD?

Description

Time

  • Played on: May 14, 2016, 12:09 p.m.
  • Length: 12:28
Show
View Real Time Build Order
Export as new Build Order

ACTARUS Terran - Winner!

Build Orders: Reaper Expand 

Get SALT Encoding   

  12  0:01  SCV  
  13  0:13  SCV  
  14  0:18  Supply Depot  
  14  0:25  SCV  
  15  0:39  SCV  
  15  0:40  Barracks  
  16  0:46  Refinery  
  16  0:51  SCV  
  17  1:03  SCV  
  18  1:15  SCV  
  19  1:29  Orbital Command  
  19  1:30  Reaper  
  20  1:45  Command Center  
  20  1:55  SCV  
  21  2:09  SCV, Supply Depot  
  21  2:11  Barracks Reactor  
  22  2:21  SCV  
  23  2:33  SCV  
  24  2:45  SCV  
  25  2:56  Refinery  
  25  2:57  Factory, SCV  
  26  2:59  Orbital Command  
  26  3:02  Command Center  
  25  3:10  SCV  
  25  3:11  Bunker  
  26  3:16  Marine x2  
  28  3:22  SCV  
  28  3:25  Engineering Bay  
  29  3:29  SCV  
  30  3:37  SCV  
  30  3:41  SCV  
  32  3:43  Factory Tech Lab  
  32  3:49  SCV  
  32  3:50  Supply Depot  
  32  3:52  Marine  
  32  3:53  SCV  
  35  3:59  Starport  
  34  4:16  Marine x2  
  26  4:33  SCV, Siege Tank  
  30  4:46  SCV, Supply Depot  
  30  4:48  Marine x2  
  32  5:05  Siege Tank, Medivac  
  37  5:08  Orbital Command  
  37  5:17  Marine x2  
  39  5:35  Marine, Medivac  
  40  5:40  SCV x2, Siege Tank  
  47  5:52  SCV x2  
  47  5:53  SCV  
  47  5:54  Marine  
  51  6:08  Marine  
  52  6:12  Marine, Siege Tank  
  56  6:18  Barracks  
  56  6:19  Barracks  
  56  6:20  SCV  
  56  6:24  Barracks  
  57  6:34  SCV x2  
  57  6:36  Refinery  
  57  6:38  Refinery  
  59  6:43  SCV  
  59  6:44  Supply Depot  
  59  6:45  Supply Depot  
  59  6:46  SCV, Supply Depot  
  61  7:00  Supply Depot  
  61  7:01  Starport Reactor  
  61  7:06  SCV x3, Terran Infantry Weapons Level 1  
  61  7:07  Missile Turret  
  61  7:08  Barracks Tech Lab  
  64  7:13  Barracks Reactor  
  64  7:14  Marine  
  64  7:15  Marine  
  66  7:19  Barracks Reactor, Siege Tank  
  69  7:24  SCV  
  69  7:25  SCV  
  71  7:31  Missile Turret  
  71  7:32  SCV  
  71  7:33  Marine  
  73  7:39  Missile Turret  
  73  7:40  Marine, Stimpack  
  73  7:42  SCV  
  75  7:51  Supply Depot  
  75  8:01  Marine  
  75  8:02  Marine x2, Marauder  
  80  8:12  Medivac  
  82  8:13  Supply Depot  
  82  8:14  Supply Depot  
  82  8:21  Marine x2  
  82  8:23  Marauder  
  86  8:29  Liberator  
  86  8:36  Marine x4  
  86  8:37  Siege Tank  
  93  8:45  Marauder  
  93  8:47  SCV x3  
  101  8:59  Marine x3  
  104  9:06  Marauder  
  106  9:10  Marine x3  
  109  9:17  Marine  
  109  9:18  Marine  
  109  9:19  Marine  
  112  9:27  Marine, Marauder  
  112  9:28  Marine  
  116  9:33  SCV  
  117  9:47  Orbital Command  
  117  10:19  Supply Depot  
  117  10:20  Supply Depot  
  117  10:21  Supply Depot  
  117  10:24  SCV  
  117  10:32  Marine x2, Medivac  
  117  10:33  SCV  
  117  10:40  Marine x2  
  117  10:41  Marine x2, Marauder, SCV, Siege Tank  
  123  10:45  SCV  
  123  10:50  Marine, Missile Turret  
  123  10:51  Missile Turret  
  123  10:53  SCV  
  123  10:54  Missile Turret  
  120  10:57  Missile Turret  
  120  10:58  Marine x2  
  120  11:01  Missile Turret  
  120  11:03  Marauder  
  124  11:05  Missile Turret, Supply Depot  
  124  11:06  Armory, Combat Shield  
  124  11:07  Marine x3  
  124  11:08  Marine  
  124  11:11  Supply Depot  
  128  11:13  Siege Tank  
  131  11:20  SCV  
  131  11:21  SCV  
  131  11:24  Marauder  
  135  11:27  Marine  
  135  11:28  Marine x3  
  135  11:32  Supply Depot  
  139  11:42  Marine x2  
  139  11:45  Marine x2, Marauder  
  139  11:46  Marine x2  
  147  12:00  Marine x2  
  149  12:07  Marauder  
Show
View Real Time Build Order
Export as new Build Order

zidar Zerg 

Build Orders: Hatch First, Muta Ling Bane 

Get SALT Encoding   

  12  0:01  Drone  
  13  0:12  Overlord  
  13  0:17  Drone  
  14  0:30  Drone x2  
  14  0:34  Drone  
  17  0:54  Hatchery  
  16  0:59  Drone  
  17  1:13  Drone  
  17  1:14  Spawning Pool  
  17  1:19  Extractor, Drone  
  17  1:22  Drone  
  18  1:44  Drone  
  18  1:45  Overlord  
  19  1:58  Drone  
  19  2:00  Overlord  
  20  2:07  Zergling x2  
  20  2:09  Queen  
  20  2:14  Queen  
  24  2:18  Zergling x4  
  25  2:44  Metabolic Boost  
  25  3:01  Zergling x12  
  31  3:22  Roach Warren  
  30  3:32  Extractor  
  29  3:39  Baneling Nest  
  23  4:33  Drone x7  
  23  4:34  Drone x8  
  38  4:59  Lair, Hatchery  
  37  5:05  Drone x2  
  39  5:13  Overlord  
  39  5:14  Overlord x3  
  39  5:17  Extractor  
  39  5:18  Extractor  
  34  5:38  Roach x6  
  46  5:55  Roach  
  46  5:56  Roach  
  50  6:23  Ravager x2  
  52  6:30  Queen  
  54  6:35  Ravager  
  55  6:43  Drone x8  
  63  6:52  Centrifical Hooks  
  62  7:20  Roach  
  62  7:21  Roach x9  
  82  7:31  Evolution Chamber  
  82  7:32  Evolution Chamber  
  82  7:34  Pneumatized Carapace  
  80  7:45  Drone x2  
  82  7:52  Overlord x6  
  82  8:12  Zerg Ground Armor Level 1, Zerg Melee Weapons Level 1  
  82  8:22  Spire  
  85  8:27  Drone x6  
  87  8:34  Drone x2  
  87  8:35  Drone x2  
  87  8:36  Drone  
  92  8:48  Infestation Pit  
  92  8:49  Drone x2  
  92  8:50  Drone  
  92  8:53  Drone  
  95  8:59  Extractor  
  95  9:02  Extractor  
  82  9:40  Mutalisk x6  
  94  9:57  Hive  
  94  10:05  Drone x5  
  82  10:57  Queen  
  84  11:06  Drone x13  
  97  11:39  Drone x4  
  102  11:40  Drone  
  102  11:50  Zergling x32  
Tags
 
Add a new tag
Caveats
  • Supply blocks, unpowered buildings, or Contaminate may cause inaccurate times.
  • Supply counts are checked every 10 seconds.